[Event "*** Titled Tuesday Blitz"]
[Site "Chess.com"]
[Date "2020.04.07"]
[Round "8"]
[White "Fandorine"]
[Black "Gajuchess"]
[Result "1/2-1/2"]
[WhiteElo "2958"]
[BlackElo "2691"]
[TimeControl "180+1"]
[EndTime "14:35:22 PDT"]
[Termination "Game drawn by repetition"]

1. e4 c5 2. b3 Nc6 3. Bb2 Nf6 4. e5 Nd5 5. Nf3 d6 6. c4 Nf4 7. g3 Ng6 8. exd6 e5 9. Bg2 Bxd6 10.
O-O O-O 11. Nc3 Bf5 12. d3 Qd7 13. Ng5 Nb4 14. Nge4 Be7 15. Ba3 Bg4 16. Qd2 Qxd3 17.
Qxd3 Nxd3 18. Nd5 b6 19. h3 Be2 20. Rfb1 f5 21. Nec3 Bh5 22. Nxe7+ Nxe7 23. Bxa8 Rxa8 24. b4 cxb4 25. Bxb4 Nc6 26. Nd5 Bf3 27. Bc3 Re8 28.
a4 Nd4 29. Bxd4 exd4 30. a5 Nc5 31. axb6 axb6 32. Rxb6 d3 33. Ne3 d2 34. Rd6 Ne4 35. Rd4 g6 36. Nf1 d1=Q 37. Raxd1 Bxd1 38. Rxd1 Nc3 39. Rd3 Ne2+ 40. Kg2 Rc8 41. Ne3 f4 42. Nd5 Rxc4 43.
Rd2 Nc3 44. Rc2 Nxd5 45. Rxc4 fxg3 46. Rc8+ Kg7 47. fxg3 h5 48. Kf3 Nf6 49. Kf4 Kh6 50.
Rc6 Nd5+ 51. Ke4 Ne7 52. Rf6 Kg5 53. Rf7 Nf5 54. h4+ Kg4 55. Rf6 Nxg3+ 56. Ke5 g5 57. hxg5 Kxg5 58. Rf8 Kg4 59. Rg8+ Kf3 60. Rf8+ Kg4 61.
Rg8+ Kf3 62. Rf8+ Kg4 1/2-1/2

[Event "*** Titled Tuesday Blitz"]
[Site "Chess.com"]
[Date "2020.04.07"]
[Round "8"]
[White "mshuaau0"]
[Black "twitchTriniCupid"]
[Result "0-1"]
[WhiteElo "2216"]
[BlackElo "2397"]
[TimeControl "180+1"]
[EndTime "14:35:23 PDT"]
[Termination "twitchTriniCupid won by checkmate"]

1. e4 c6 2. Nf3 d5 3. exd5 cxd5 4. d4 Nf6 5. Nc3 Nc6 6. Bf4 Bg4 7. Bb5 Qb6 8. h3 Bxf3 9. Qxf3 e6 10. O-O Bb4 11.
Bxc6+ Qxc6 12. Be5 Be7 13. a4 O-O 14. Nb5 a6 15.
Nc3 Rfc8 16. Rfe1 Nd7 17. Qg4 Nxe5 18. Rxe5 Bf6 19. Re3 Qc4 20. Rd3 b5 21. axb5 axb5 22. Re1 b4 23. Ne2 Qxc2 24. Rf3 Qg6 25. Qf4 Bg5 26. Qd6 Rc2 27. Qxb4 Bd2 28. Qb7 Rac8 29. Nf4 Bxf4 30. Rxf4 R2c7 31. Qa6 Qc2 32. Qa3 Rb7 33.
Qf3 Qxb2 34. Kh2 Rc2 35. Qg4 Rxf2 36. Rxe6 Rxg2+ 37. Qxg2 Qxg2+ 38. Kxg2 fxe6 39. Kg3 Rf7 40. Rg4 Rf5 41. h4 Kf7 42. Kh3 Kf6 43. Rg2 Rf4 44. Rd2 Kf5 45. Kg3 Rg4+ 46. Kh3 h6 47. Rf2+ Rf4 48. Rg2 g5 49. hxg5 hxg5 50. Rd2 g4+ 51. Kg3 Rf3+ 52. Kg2 Re3 53. Rd1 Ke4 54. Rd2 g3 55.
Rd1 Kf4 56. Rf1+ Kg4 57. Rf6 Re2+ 58. Kg1 g2 59. Rf8 Kg3 60. Rg8+ Kf3 61. Rf8+ Ke4 62. Rf6 Kxd4 63. Rf4+ Kd3 64. Rf3+ Kd2 65. Ra3 d4 66. Ra6 e5 67. Ra2+ Ke3 68. Ra3+ d3 69. Ra5 e4 70. Ra1 Kf3 71. Ra8 Re1+ 72. Kh2 Rh1# 0-1

[Event "*** Titled Tuesday Blitz"]
[Site "Chess.com"]
[Date "2020.04.07"]
[Round "8"]
[White "Tjktiger"]
[Black "anon132639"]
[Result "0-1"]
[WhiteElo "2846"]
[BlackElo "2670"]
[TimeControl "180+1"]
[EndTime "14:35:25 PDT"]
[Termination "anon132639 won by resignation"]

1. c4 g6 2. Nc3 Bg7 3. d4 Nf6 4.
g3 O-O 5. Bg2 d6 6. Nf3 Nc6 7. O-O e5 8. dxe5 dxe5 9. Bg5 Be6 10.
Nd2 Qc8 11. Nd5 Nd7 12. Qa4 Re8 13. b4 f6 14. Be3 Nb6 15. Qd1 f5 16. b5 Nd4 17. Rc1 Qd7 18. Bxd4 exd4 19. Nb3 Nxd5 20. Nc5 Qf7 21. Nxe6 Nc3 22. Rxc3 dxc3 23. Ng5 Qe7 24.
Bxb7 Rad8 25. Bd5+ Kh8 26. Qc1 Rxd5 27. cxd5 Qxe2 28.
Ne6 Qd2 29. Rd1 Qxc1 30. Rxc1 Be5 31. f4 Bf6 32. a4 Re7 33. Kf1 Rd7 34. Ke2 Rxd5 35.
Nxc7 Rd2+ 36. Kf3 c2 37. a5 Bb2 38. b6 axb6 39. axb6 Bxc1 40. b7 Rd8 41. Ne6 Rb8 42. Nd4 Rxb7 43. Nxc2 Rb3+ 44. Ke2 Rb2 45. Kd3 Rxc2 46. Kxc2 Ba3 47. Kd3 Be7 48. Ke2 Kg7 49. Kf3 Kf6 50. h3 Bd6 51. g4 fxg4+ 52. hxg4 h6 53.
Ke4 g5 54. fxg5+ hxg5 55. Kd5 Bh2 56. Ke4 Ke6 57. Kd4 Bg1+ 58. Ke4 Ba7 59. Kf3 Ke5 60.
Kg3 Ke4 0-1

[Event "*** Titled Tuesday Blitz"]
[Site "Chess.com"]
[Date "2020.04.07"]
[Round "8"]
[White "attack2mateU"]
[Black "Msb2"]
[Result "1/2-1/2"]
[WhiteElo "2676"]
[BlackElo "2910"]
[TimeControl "180+1"]
[EndTime "14:35:26 PDT"]
[Termination "Game drawn by repetition"]

1. e4 e6 2. d4 d5 3. Nc3 Nf6 4. e5 Nfd7 5. f4 c5 6. Nf3 Nc6 7. Be3 a6 8. Qd2 b5 9. dxc5 Bxc5 10. Bd3 Qb6 11. Bf2 h6 12. O-O Bb7 13. Rae1 Bxf2+ 14. Rxf2 Nc5 15. a3 Rd8 16. b4 Nxb4 17. axb4 Ne4 18.
Bxe4 dxe4 19. Qe3 Qxe3 20. Rxe3 exf3 21. gxf3 Ke7 22. Ne4 Rd1+ 23. Rf1 Rxf1+ 24. Kxf1 Bxe4 25. fxe4 Rc8 26. c3 g5 27. f5 f6 28. Rh3 exf5 29.
Rxh6 fxe5 30. exf5 Rxc3 31. Rxa6 Rf3+ 32. Ke2 Rxf5 33.
Rb6 Rf4 34. Rxb5 Ke6 35. Rb6+ Kf5 36. b5 Rh4 37. Rb8 Rxh2+ 38. Ke3 Rh3+ 39. Ke2 Rb3 40. b6 Ke4 41. b7 Rb2+ 42. Kd1 g4 43. Kc1 Rb5 44. Kd2 g3 45. Ke2 Rb2+ 46. Kf1 Rb3 47. Kg2 Ke3 48. Re8 Rxb7 49. Rxe5+ Kf4 50. Re2 Rh7 51. Kg1 Kg4 52. Rd2 Rb7 53. Rd1 Kh3 54. Ra1 Rb2 55. Rc1 Rh2 56. Ra1 Rg2+ 57. Kh1 Rf2 58.
Kg1 Rh2 59. Rc1 Re2 60. Kh1 Kg4 61. Kg1 Kf3 62. Rc3+ Kg4 63. Rc1 Kh3 64. Rd1 Re3 65. Rc1 Rf3 66. Rd1 Re3 67. Rc1 Kg4 68. Rd1 Re2 69.
Rc1 1/2-1/2

[Event "*** Titled Tuesday Blitz"]
[Site "Chess.com"]
[Date "2020.04.07"]
[Round "8"]
[White "OparinGrigoriy"]
[Black "Vaathi_Coming"]
[Result "1-0"]
[WhiteElo "2987"]
[BlackElo "2845"]
[TimeControl "180+1"]
[EndTime "14:35:28 PDT"]
[Termination "OparinGrigoriy won on time"]

1. Nf3 Nf6 2. g3 g6 3. Bg2 Bg7 4. c4 O-O 5. Nc3 d5 6. cxd5 Nxd5 7. d4 c5 8. O-O cxd4 9. Nxd4 Nxc3 10. bxc3 Nd7 11.
Qb3 Nc5 12. Qb4 Ne6 13. Be3 Qb6 14. Rab1 Nxd4 15. cxd4 Qxb4 16. Rxb4 Rb8 17. Bf4 Ra8 18. Bxb7 a5 19. Rbb1 Ra7 20. Bxc8 Rxc8 21. e3 f6 22. Rfc1 Rxc1+ 23. Rxc1 e5 24. dxe5 fxe5 25. Bg5 h6 26. Bd8 Ra8 27. Bb6 a4 28. e4 a3 29. Rc3 Bf8 30. Bc5 Ra4 31. Bxf8 Kxf8 32. f3 Kf7 33. h4 Rb4 34. Rxa3 Rb2 35. Ra6 h5 36. Kf1 Rc2 37. Ra3 Rb2 38. Ra5 Kf6 39. a4 Rb1+ 40.
Kg2 Rb2+ 41. Kh3 Rf2 42. Rb5 Rxf3 43. a5 Ra3 44. Rb6+ Kf7 45. a6 Ra2 46. Rb7+ Kf6 47. a7 Ke6 48. Rh7 Kf6 49. Rc7 Ke6 50. g4 Ra3+ 51. Kg2 hxg4 52. Kf2 Kf6 53. Ke2 g3 54. Rb7 Ke6 55. Rb6+ Kf7 56. Rb7+ Kf6 57. Rh7 Ra2+ 58. Kf1 Ke6 59. h5 Kf6 60. h6 Kg5 61. Kg1 Kg4 62. Rf7 Kh3 63. h7 Ra1+ 64. Rf1 1-0

[Event "*** Titled Tuesday Blitz"]
[Site "Chess.com"]
[Date "2020.04.07"]
[Round "8"]
[White "ShahMatKanal"]
[Black "lelya96"]
[Result "1/2-1/2"]
[WhiteElo "2542"]
[BlackElo "2258"]
[TimeControl "180+1"]
[EndTime "14:35:29 PDT"]
[Termination "Game drawn - insufficient material"]

1. c4 Nf6 2. Nc3 e6 3. e4 d5 4.
cxd5 exd5 5. e5 d4 6. exf6 dxc3 7. fxg7 Bxg7 8. dxc3 Qxd1+ 9. Kxd1 O-O 10. Be3 Bf5 11. Ne2 Nc6 12. Ng3 Bg6 13. h4 Rad8+ 14. Ke1 f5 15. Bc4+ Kh8 16. h5 Bf7 17. Bxf7 Rxf7 18.
h6 Bxc3+ 19. bxc3 f4 20. Nf1 fxe3 21. Nxe3 Ne5 22. Ke2 Nd3 23. f3 Nf4+ 24. Kf2 Rd2+ 25. Kg3 Ne2+ 26. Kh2 Nxc3 27. Rac1 Rd3 28. Ng4 Rf5 29. Rhe1 Kg8 30. Re8+ Kf7 31. Rh8 Rh5+ 32. Kg3 Ne2+ 33. Kf2 Nxc1 34. Rxh7+ Ke6 35. Rxc7 Rd2+ 36. Ke3 Re2+ 37. Kf4 Nd3+ 38. Kg3 Ne5 39. Rxb7 Nxg4 40. fxg4 Rxh6 41. Rxa7 Kd5 42. Ra5+ Kd4 43. Ra4+ Kc3 44. g5 Rg6 45. Ra5 Kd2 46. Rd5+ Ke1 47. Kf3 Rf2+ 48.
Kg3 Kf1 49. Re5 Rxg2+ 50. Kh4 Rxa2 51. Kh5 Raa6 52. Rf5+ Kg2 53. Kg4 Rgb6 54. Kh5 Kg3 55. Rd5 Rb4 56. g6 Rh4+ 57. Kg5 Rg4+ 58. Kh5 Raxg6 59.
Rd3+ Kh2 60. Rh3+ Kg2 61. Rh2+ Kf1 62. Rf2+ Kg1 63. Rf1+ Kg2 64. Rg1+ Kf2 65. Rxg4 Rxg4 66. Kxg4 1/2-1/2

[Event "*** Titled Tuesday Blitz"]
[Site "Chess.com"]
[Date "2020.04.07"]
[Round "8"]
[White "malandragem"]
[Black "AliKa2810"]
[Result "0-1"]
[WhiteElo "2480"]
[BlackElo "2613"]
[TimeControl "180+1"]
[EndTime "14:35:30 PDT"]
[Termination "AliKa2810 won by checkmate"]

1. e4 e5 2. Nf3 Nc6 3. Bc4 Nf6 4. d3 Be7 5. c3 O-O 6. O-O d6 7. Re1 Na5 8. Bb5 a6 9. Ba4 b5 10. Bc2 c5 11. Nbd2 Bb7 12. Nf1 Re8 13. Ng3 g6 14. Bh6 Ng4 15. Bd2 Bf8 16. h3 Nf6 17. Qc1 Nc6 18. Bh6 Qe7 19. Bxf8 Qxf8 20. Qd2 Qg7 21. a4 b4 22. Bb3 h6 23. a5 Bc8 24.
Bc4 Be6 25. Bxe6 fxe6 26. d4 exd4 27. cxd4 Rad8 28. Qd3 Nd7 29. Qxa6 Nxd4 30. Nxd4 Qxd4 31. Rad1 Qxb2 32. Rxd6 Rf8 33. Re2 Qc1+ 34. Kh2 Nf6 35. Rxd8 Rxd8 36. Qxe6+ Kf8 37. Qxf6+ Ke8 38. Qe6+ Kf8 39.
Qf6+ Ke8 40. Qxg6+ Kd7 41. Nf5 Qf4+ 42. g3 Qc7 43. Qf7+ Kc8 44. Qxc7+ Kxc7 45. Ne3 Kc6 46. Rc2 Kb5 47. e5 b3 48. Rb2 c4 49. Nxc4 Kxc4 50.
a6 Ra8 51. g4 Rxa6 52. Kg3 Kc3 53. Rb1 b2 54. Kh4 Kc2 55. Rxb2+ Kxb2 56. f4 Kc3 57.
Kh5 Kd4 58. f5 Kxe5 59. h4 Rb6 60. g5 hxg5 61. Kxg5 Rb1 62. h5 Rg1+ 63. Kh6 Kf6 64. Kh7 Rg7+ 65. Kh6 Rg4 66. Kh7 Kxf5 67. h6 Kf6 68.
Kh8 Kg6 69. h7 Ra4 70. Kg8 Ra8# 0-1

[Event "*** Titled Tuesday Blitz"]
[Site "Chess.com"]
[Date "2020.04.07"]
[Round "8"]
[White "littleozy"]
[Black "Vadim_Biliy"]
[Result "1-0"]
[WhiteElo "2446"]
[BlackElo "2241"]
[TimeControl "180+1"]
[EndTime "14:35:31 PDT"]
[Termination "littleozy won on time"]

1. e4 d6 2. d4 Nf6 3. Nc3 g6 4. f4 Bg7 5. Nf3 O-O 6. e5 dxe5 7. fxe5 Nd5 8. Bc4 c6 9. O-O Be6 10. Ne4 Nc7 11. Bd3 Nd7 12. c3 b5 13. Be3 Bd5 14.
Qd2 Ne6 15. Bh6 f6 16. Bxg7 Kxg7 17. exf6+ exf6 18. Rae1 Qc7 19. b3 Nf4 20. Bc2 Rae8 21. g3 Nh5 22. Bd3 f5 23. Neg5 h6 24. c4 bxc4 25.
bxc4 hxg5 26. cxd5 g4 27. Ng5 cxd5 28. Ne6+ Rxe6 29.
Rxe6 Nxg3 30. Re7+ Kf6 31. Rxd7 Qxd7 32. hxg3 Rh8 33.
Qf4 Rh3 34. Qxg4 Qh7 35. Qf4 Rh1+ 36. Kf2 Qh2+ 37. Ke1 Rxf1+ 38. Bxf1 Qxa2 39. Qe5+ Kf7 40. Qc7+ Kf6 41. Qe5+ Kf7 42. Be2 Qa5+ 43. Kf2 Qa2 44. Kf1 Qa1+ 45. Kg2 Qa2 46. Kh3 Qd2 47. Bf3 Qh6+ 48.
Kg2 Qd2+ 49. Kg1 Qc1+ 50. Kh2 Qd2+ 51. Bg2 Qh6+ 52. Kg1 Qc1+ 53. Bf1 Qc6 54. Kh1 a5 55. Bg2 Qc1+ 56. Kh2 Qh6+ 57. Kg1 Qc1+ 58. Bf1 Qc6 59.
Qh8 a4 60. Qh7+ Kf6 61. Qh8+ Kf7 62. Qh7+ Kf6 63. Qa7 1-0

[Event "*** Titled Tuesday Blitz"]
[Site "Chess.com"]
[Date "2020.04.07"]
[Round "8"]
[White "Schandenfreude"]
[Black "donotreadit"]
[Result "1/2-1/2"]
[WhiteElo "2521"]
[BlackElo "2718"]
[TimeControl "180+1"]
[EndTime "14:35:33 PDT"]
[Termination "Game drawn - insufficient material"]

1. Nf3 d5 2. b3 Bg4 3. Bb2 Nd7 4. e3 e5 5. Be2 e4 6. Ne5 Bxe2 7. Qxe2 Ngf6 8. c4 c6 9. cxd5 cxd5 10. Qb5 Bd6 11. Nxd7 Qxd7 12. Qxd7+ Nxd7 13. Nc3 Be5 14. Ke2 f6 15.
Rac1 Nb6 16. Rc2 Kd7 17. Rhc1 Rac8 18. d4 Bb8 19. a4 a5 20. Ba3 Rc6 21. Bc5 Ke6 22. Nb5 Rd8 23. Bxb6 Rxb6 24. Rc8 Kd7 25. Rxd8+ Kxd8 26. Rc5 Ke7 27. Rxd5 g6 28. Rc5 h5 29. h3 Bd6 30. Rc8 g5 31. f3 exf3+ 32. gxf3 Bg3 33. Kd3 Kd7 34. Rc2 Re6 35. e4 Re8 36. d5 Rg8 37. Rg2 Be5 38. Nd4 Rc8 39. Rc2 Rg8 40.
Ne6 g4 41. f4 Bd6 42. hxg4 Rxg4 43. Rh2 h4 44. Ke3 Rg3+ 45. Kd4 h3 46. e5 fxe5+ 47. fxe5 Bb4 48. Nc5+ Bxc5+ 49. Kxc5 Rxb3 50. e6+ Ke7 51. Rf2 Rc3+ 52. Kb6 Rb3+ 53. Kxa5 Rg3 54. Rf7+ Ke8 55. Rh7 Rg5 56. Kb6 Rxd5 57. Rxh3 Ke7 58. Re3 Rd4 59. a5 Rb4+ 60. Ka7 Rb5 61. Ra3 Kxe6 62. Ra1 Kd6 63. a6 bxa6 64. Kxa6 Rb8 65. Ka7 Re8 66. Rd1+ Ke7 67. Re1+ Kf8 68. Rf1+ Kg8 69. Rg1+ Kf8 70. Kb7 Re7+ 71. Kc6 Rg7 72. Rf1+ Rf7 73. Rxf7+ Kxf7 1/2-1/2

[Event "*** Titled Tuesday Blitz"]
[Site "Chess.com"]
[Date "2020.04.07"]
[Round "8"]
[White "kungmongmanh"]
[Black "davigator"]
[Result "1-0"]
[WhiteElo "2529"]
[BlackElo "2334"]
[TimeControl "180+1"]
[EndTime "14:35:34 PDT"]
[Termination "kungmongmanh won by resignation"]

1. d4 Nf6 2. c4 e6 3. Nc3 Bb4 4. Qc2 c5 5. dxc5 Nc6 6. Nf3 h6 7. Bf4 Bxc5 8. e3 O-O 9. Be2 b6 10. a3 Bb7 11. Rd1 Rc8 12. O-O a6 13. Rd2 Nh5 14. Bd6 Bxd6 15. Rxd6 Qc7 16. Rfd1 Nf6 17. b4 Rfd8 18. h3 Ne8 19. R6d2 d6 20. Qb2 Ne7 21. Rc1 Qb8 22. Na4 Bc6 23. b5 axb5 24. cxb5 Bd5 25. Rdc2 Rxc2 26. Rxc2 Rc8 27. Nd4 e5 28. Rxc8 Nxc8 29.
Nf5 Be6 30. Ng3 Qc7 31. e4 Nf6 32. Qc3 Qxc3 33. Nxc3 Nd7 34. f3 Nc5 35. Kf2 g6 36. Ke3 f5 37. f4 Kf7 38. exf5 gxf5 39. Bh5+ Ke7 40. Bg6 Kf6 41. Be8 exf4+ 42. Kxf4 Nd3+ 43. Ke3 Ne5 44. Nge2 Nc4+ 45. Kf4 Nxa3 46. Nd4 Ne7 47. Bc6 Bc4 48. Bd7 Ng6+ 49. Ke3 f4+ 50. Ke4 d5+ 51. Nxd5+ Bxd5+ 52. Kxd5 Ne5 53. Bc6 Nd3 54.
Ke4 Ne1 55. Kxf4 Nc4 56. g4 Ne5 57. Be4 N1d3+ 58. Ke3 Nc5 59. Kf4 Nc4 60. Bf5 Nd6 61.
h4 Ncb7 62. g5+ hxg5+ 63. hxg5+ Ke7 64. Ke5 Nxf5 65. Nxf5+ Kf7 66. Nd6+ Nxd6 67. Kxd6 Kg6 68. Kc6 Kxg5 69. Kxb6 Kf6 70. Kc7 Ke7 71. b6 Ke6 72. b7 1-0

[Event "*** Titled Tuesday Blitz"]
[Site "Chess.com"]
[Date "2020.04.07"]
[Round "8"]
[White "TheKingDoctor"]
[Black "HiHaruka"]
[Result "0-1"]
[WhiteElo "2103"]
[BlackElo "2280"]
[TimeControl "180+1"]
[EndTime "14:35:35 PDT"]
[Termination "HiHaruka won on time"]

1. e4 c5 2. c3 d6 3. d4 cxd4 4.
cxd4 Nf6 5. Bd3 g6 6. Nf3 Bg7 7. h3 O-O 8. Nc3 Nc6 9. Be3 e5 10. d5 Nb4 11. O-O Nxd3 12. Qxd3 Bd7 13. Nd2 a6 14. Nc4 Ne8 15. Nb6 Rb8 16. f3 f5 17.
Rac1 Nc7 18. Nxd7 Qxd7 19. Bb6 Rbc8 20. Ne2 Nb5 21. a4 Nc7 22. Rc4 Na8 23. Bf2 b5 24.
Rxc8 Rxc8 25. axb5 axb5 26. Nc3 b4 27. Ne2 Nc7 28.
Rc1 Bh6 29. Rc6 Ne8 30. Qc4 Rb8 31. g4 fxe4 32. fxe4 Qf7 33. Kg2 Qd7 34. Bh4 Bf8 35.
Bg5 Qb7 36. Ng3 Qb5 37. Qxb5 Rxb5 38. Rc8 Kf7 39. Bd2 b3 40. Ne2 Rc5 41. Rxc5 dxc5 42. Bc3 Bg7 43. Kf3 Nd6 44. Ke3 Nc4+ 45. Kd3 Nd6 46. Bd2 c4+ 47. Kc3 Nxe4+ 48. Kxc4 Nxd2+ 49. Kc5 Bf8+ 50. Kc6 Nc4 51. d6 Nxd6 52. Kd5 e4 53. Nc3 e3 54. Ne2 Nb5 55. Ke4 Bg7 0-1

[Event "*** Titled Tuesday Blitz"]
[Site "Chess.com"]
[Date "2020.04.07"]
[Round "8"]
[White "aquaticpineapples"]
[Black "Manukyan_Artak"]
[Result "0-1"]
[WhiteElo "2239"]
[BlackElo "2402"]
[TimeControl "180+1"]
[EndTime "14:35:36 PDT"]
[Termination "Manukyan_Artak won by checkmate"]

1. d4 Nf6 2. Nf3 c5 3. e3 e6 4. Bd3 d5 5. b3 cxd4 6. exd4 Bd6 7. Bb2 Ne4 8. Nbd2 f5 9. Qe2 O-O 10. O-O Nc6 11. Ne5 Bxe5 12. dxe5 Nc5 13. Ba3 Qa5 14.
Bxc5 Qxc5 15. Rfe1 Bd7 16. c4 d4 17. a3 a5 18. Kh1 Be8 19. g4 Bg6 20. g5 f4 21.
Bxg6 hxg6 22. Qe4 Rf5 23. Nf3 a4 24. bxa4 Qxc4 25. Nh4 Rxe5 26. Qxf4 Qd5+ 27. Qf3 Rxg5 28. Qxd5 Rxd5 29. Rxe6 d3 30. Nxg6 Rxa4 31. Ree1 d2 32. Red1 Rg4 33. Ra2 Rxg6 34. Raxd2 Rxd2 35. Rxd2 Re6 36. Rd7 Re7 37. Rd6 Kf7 38. Kg2 Rc7 39. Rd3 Ne5 40.
Rb3 Ke6 41. a4 Nc4 42. Rb4 Kd5 43. Kf3 Kc5 44. Rb5+ Kd4 45. Rg5 b6 46. Rg3 Rf7+ 47.
Ke2 Kc5 48. Rg4 Kb4 49. h4 Rc7 50. h5 Kxa4 51. Kd3 b5 52. f4 b4 53. Rg1 b3 54.
Ra1+ Kb4 55. f5 Nb2+ 56. Kd2 Nc4+ 57. Kd3 b2 58. Rb1 Kb3 59. h6 gxh6 60. f6 Na3 61. Rxb2+ Kxb2 62. Ke4 h5 63. Kf5 h4 64. Kg4 Rf7 65.
Kxh4 Rxf6 66. Kg5 Rf1 67. Kg4 Kc2 68. Kg3 Rf8 69. Kg2 Kd3 70. Kh2 Ke4 71. Kh3 Rg8 72.
Kh4 Kf5 73. Kh3 Kf4 74. Kh2 Kf3 75. Kh1 Kf2 76. Kh2 Rh8# 0-1

[Event "*** Titled Tuesday Blitz"]
[Site "Chess.com"]
[Date "2020.04.07"]
[Round "8"]
[White "Jumbo"]
[Black "joppie2"]
[Result "0-1"]
[WhiteElo "2808"]
[BlackElo "3012"]
[TimeControl "180+1"]
[EndTime "14:35:39 PDT"]
[Termination "joppie2 won on time"]

1. d4 Nf6 2. Bf4 g6 3. Nc3 Bg7 4. e4 d6 5. Qd2 Nc6 6. Nf3 Bg4 7.
O-O-O O-O 8. Qe3 Nh5 9. Bg5 Qd7 10. Be2 f6 11. Bh6 e5 12. d5 Ne7 13. h3 Bxf3 14. Bxf3 Bxh6 15. Qxh6 Ng7 16. h4 b5 17.
Ne2 b4 18. Kb1 a5 19. g4 a4 20. Qd2 a3 21. b3 Rab8 22. Rc1 c5 23. dxc6 Nxc6 24.
Rhd1 Ne6 25. Qxd6 Qxd6 26. Rxd6 Ncd4 27. Rd1 Rfc8 28. Nxd4 Nxd4 29. R1xd4 exd4 30. Be2 Rc3 31. Bd3 f5 32. gxf5 gxf5 33. Rxd4 fxe4 34. Rxe4 Rc7 35.
Kc1 Rg7 36. Re1 Rg2 37. Rf1 Rf8 38. f4 Kg7 39. f5 Kf6 40. Rf4 Rg1+ 41. Kd2 Rb8 42.
Bf1 Rh1 43. Ke3 Rh2 44. Bd3 Rh1 45. Bf1 Rc8 46. Bd3 Re8+ 47. Kf2 Ra1 48. Rxb4 Ra8 49. Rb6+ Ke5 50. f6 Rxa2 51. f7 Ra1 52. Ra6 Rf8 53. Bc4 a2 54. Ra5+ Kd4 55. Ra4 Kc3 56. Ra7 Kb2 57. b4 Kc3 58. Rxa2 Rb1 59. Bb3 Kxb4 60. Ra7 Rd1 61. Rc7 Rd6 62. Kg3 Rf6 63. Kg4 h6 64. Kh5 Rd8 65. Rc4+ Ka3 66. Re4 Rc8 67. Re8 Rc5+ 68.
Kg4 Rcf5 69. h5 Rf1 70. Kg3 Kb2 71. Kg2 R1f5 0-1

[Event "*** Titled Tuesday Blitz"]
[Site "Chess.com"]
[Date "2020.04.07"]
[Round "8"]
[White "Shahinyan_ChessMood"]
[Black "1g41-0"]
[Result "1/2-1/2"]
[WhiteElo "2673"]
[BlackElo "2521"]
[TimeControl "180+1"]
[EndTime "14:35:39 PDT"]
[Termination "Game drawn - insufficient material"]

1. e4 c5 2. Nc3 d6 3. g3 g6 4. Bg2 Bg7 5. d3 Nc6 6. Be3 e6 7. Qd2 Nge7 8. Bh6 O-O 9. h4 f6 10.
Bxg7 Kxg7 11. h5 g5 12. h6+ Kh8 13. Nge2 Nd4 14. f4 gxf4 15. Nxf4 e5 16. Nfd5 Nxd5 17. Nxd5 Bg4 18. c3 Nf3+ 19. Bxf3 Bxf3 20. Rh4 f5 21. Qe3 fxe4 22. dxe4 Qd7 23. Qg5 Qf7 24.
Kd2 Bxe4 25. Rxe4 Qxd5+ 26. Ke3 Qf7 27. Rf1 Qg6 28. Qxg6 hxg6 29. Rd1 Rf6 30. Rh4 Kh7 31. Ke4 Rd8 32. Kd5 Rg8 33. g4 g5 34. Rh5 Rxh6 35.
Rxh6+ Kxh6 36. Rh1+ Kg6 37. Kxd6 e4 38. Re1 Re8 39.
Kxc5 Kf6 40. Rf1+ Ke6 41. Kd4 Rd8+ 42. Kxe4 Rd2 43. b4 Rxa2 44. Rf5 Rc2 45. Kd4 Rd2+ 46. Ke4 Rc2 47. Kd3 Rg2 48. Rxg5 Kf6 49. Rf5+ Ke6 50. Rf4 Ke5 51. Re4+ Kd5 52. c4+ Kd6 53. Rf4 b6 54. Ke4 Rc2 55. Kf5 a5 56. bxa5 bxa5 57. g5 a4 58. g6 a3 59. Rf1 a2 60. g7 Rg2 61.
Kf6 Rf2+ 62. Rxf2 a1=Q+ 63. Kf7 Qa7+ 64. Kg6 Qxf2 65. g8=Q Qg3+ 66. Kf7 Qxg8+ 67. Kxg8 Kc5 68. Kf7 Kxc4 1/2-1/2

[Event "*** Titled Tuesday Blitz"]
[Site "Chess.com"]
[Date "2020.04.07"]
[Round "8"]
[White "VerdeNotte"]
[Black "Firegrizzly"]
[Result "1/2-1/2"]
[WhiteElo "2739"]
[BlackElo "2610"]
[TimeControl "180+1"]
[EndTime "14:35:40 PDT"]
[Termination "Game drawn by repetition"]

1. e4 e6 2. d4 d5 3. Nd2 Nc6 4. Ngf3 Nf6 5. e5 Nd7 6. c3 f6 7. Bb5 a6 8. Bxc6 bxc6 9. O-O Be7 10. Re1 f5 11. h4 a5 12. Nf1 O-O 13. Ng5 Bxg5 14.
hxg5 Qe8 15. Re3 Rf7 16. Rh3 Nf8 17. Bf4 a4 18. Nd2 Re7 19. g3 Ra5 20. b4 Ra8 21. Kg2 Rd7 22. Qf3 Re7 23. Rah1 Ba6 24. Qd1 Bd3 25.
R1h2 Qg6 26. Kg1 Rd7 27. Nf3 Bc4 28. a3 Qe8 29. Kg2 Rdd8 30. Ne1 c5 31. bxc5 Rdb8 32. Nc2 Rb3 33. g4 Rab8 34. gxf5 exf5 35. Ne3 Qg6 36. Nxc4 Ne6 37. Qd2 dxc4 38. d5 Nxc5 39. Qd4 Nd3 40. e6 Rb2 41. Kg3 Rb1 42. f3 h6 43. Qxc4 Rg1+ 44. Rg2 Rxg2+ 45. Kxg2 Rb2+ 46. Kf1 Nxf4 47.
Qxf4 hxg5 48. Qxc7 Qe8 49. d6 Qb5+ 50. Kg1 Rb1+ 51.
Kf2 Qf1+ 52. Ke3 Qe1+ 53. Kd4 Qf2+ 54. Kd5 Rb5+ 55. Kc6 Rc5+ 56. Kd7 Rxc7+ 57. dxc7 Qd2+ 58. Kc8 Qd5 59. e7 Kf7 60. e8=Q+ Kxe8 61. Rh8+ Ke7 62. Kb8 Qb5+ 63. Ka7 Qa5+ 64. Kb7 Qb5+ 65. Ka7 Qa5+ 66. Kb7 Qb5+ 67. Ka8 Qa6+ 68. Kb8 Qb6+ 69. Kc8 Qa6+ 70. Kb8 Qb6+ 71. Ka8 Qa6+ 72. Kb8 1/2-1/2

[Event "*** Titled Tuesday Blitz"]
[Site "Chess.com"]
[Date "2020.04.07"]
[Round "8"]
[White "Hangar-18"]
[Black "powermove"]
[Result "1-0"]
[WhiteElo "2402"]
[BlackElo "1505"]
[TimeControl "180+1"]
[EndTime "14:35:40 PDT"]
[Termination "Hangar-18 won by resignation"]

1. b3 Nf6 2. Bb2 g6 3. e3 Bg7 4.
g3 O-O 5. Bg2 d5 6. Nf3 c6 7.
O-O Bg4 8. h3 Bxf3 9. Qxf3 Nbd7 10. d4 Ne4 11. Qe2 e5 12. Nd2 Nxd2 13. Qxd2 e4 14.
c4 Qe7 15. a4 Qe6 16. Rfc1 Nf6 17. a5 a6 18. Bf1 Rfe8 19. Ba3 Rad8 20. Qb4 Rd7 21.
Qb6 h5 22. Ra2 Bh6 23. b4 Qf5 24. cxd5 Nxd5 25. Qc5 Qf3 26. Bg2 Qf5 27. Re1 Qe6 28.
Rc2 h4 29. g4 f5 30. Kh2 fxg4 31. hxg4 Qxg4 32. Bh3 Bf4+ 33. exf4 Qxf4+ 34. Kh1 Qf3+ 35. Bg2 Qf4 36. Qc4 h3 37. Bxh3 Rh7 38. Qf1 Qf3+ 39. Kh2 Re6 40. Bc1 g5 41. Qg2 Qf5 42. Qxg5+ Qxg5 43. Bxg5 Rg6 44. Rg1 e3 45. fxe3 Kf7 46. Rf2+ Ke8 47. Rg3 Nc3 48. Rfg2 Ne4 49. Rg4 Nxg5 50.
Rxg5 Rgh6 51. R2g3 Kf7 52. Kg2 Ke7 53. Re5+ Kd6 54.
Reg5 Rf6 55. Rg6 Rf7 56. Rxf6+ Rxf6 57. Rf3 Kd5 58. Bc8 Rxf3 59. Kxf3 Kc4 60. Bxb7 Kxb4 61. Bxc6 Kxa5 62. e4 Kb6 63. d5 Kc7 64. Kf4 Kd6 65. Kf5 a5 66. Kf6 a4 67. e5+ Kc5 68. Bxa4 Kxd5 69.
e6 Kd6 70. e7 Kc7 71. e8=Q 1-0

[Event "*** Titled Tuesday Blitz"]
[Site "Chess.com"]
[Date "2020.04.07"]
[Round "8"]
[White "flomarechot"]
[Black "mc4chess"]
[Result "0-1"]
[WhiteElo "2195"]
[BlackElo "2390"]
[TimeControl "180+1"]
[EndTime "14:35:41 PDT"]
[Termination "mc4chess won by resignation"]

1. Nf3 Nf6 2. b3 g6 3. Bb2 Bg7 4. e3 O-O 5. Be2 d6 6. d4 c6 7. O-O Nbd7 8. c4 Re8 9. Nc3 e5 10.
dxe5 dxe5 11. Qd6 Bf8 12. Qd2 Qc7 13. Rfd1 Nc5 14. b4 Ne6 15. Nxe5 Bxb4 16. Nf3 Ne4 17. Qc2 Nxc3 18. Bxc3 Bxc3 19. Qxc3 Nc5 20. Qd4 Qe7 21. h3 Be6 22. Rab1 Bf5 23. Rbc1 Rad8 24. Qf4 Ne6 25. Qe5 Ng5 26. Qxe7 Rxd1+ 27. Rxd1 Nxf3+ 28. Bxf3 Rxe7 29.
g4 Be6 30. c5 a6 31. Rd6 Bxa2 32. Kf1 Kg7 33. Rd2 Be6 34. Ke2 Rd7 35. Rb2 Bc4+ 36.
Ke1 f6 37. Rb6 Bb5 38. Be2 Bxe2 39. Kxe2 Kf7 40. f4 Ke6 41. e4 Ke7 42. Ke3 Kd8 43.
Rb2 Kc7 44. e5 fxe5 45. fxe5 Rd5 46. Ke4 Rxc5 47. Rf2 Rd5 48. e6 Kd6 49. Rf6 Re5+ 50. Kd4 Rxe6 51. Rf7 Re7 52. Rf8 Kc7 53. Kc5 b6+ 54. Kd4 Rd7+ 55. Kc4 b5+ 56. Kc5 Rd5+ 57. Kb4 Kb7 58. Rf7+ Kb6 59. Rxh7 a5+ 60. Kc3 b4+ 61. Kc4 Rc5+ 62. Kb3 Rc3+ 63. Kb2 a4 64. Rh6 a3+ 65. Ka2 Rc2+ 66. Kb3 Rb2+ 67. Ka4 a2 0-1

[Event "*** Titled Tuesday Blitz"]
[Site "Chess.com"]
[Date "2020.04.07"]
[Round "8"]
[White "Alex_Terzi"]
[Black "DraskovicL"]
[Result "0-1"]
[WhiteElo "2413"]
[BlackElo "2569"]
[TimeControl "180+1"]
[EndTime "14:35:42 PDT"]
[Termination "DraskovicL won by resignation"]

1. e4 d5 2. exd5 Qxd5 3. Nf3 Nc6 4. Nc3 Qd8 5. Bc4 Nf6 6. h3 e6 7. O-O Be7 8. d3 O-O 9. Bf4 a6 10. a3 b5 11. Bb3 Bb7 12. Re1 Qd7 13. a4 b4 14. Ne4 Nxe4 15. dxe4 Rad8 16. Qe2 Bc5 17.
Rad1 Qe7 18. Bg5 f6 19. Bf4 Kh8 20. Qc4 e5 21. Bc1 Na5 22. Qe2 Nxb3 23. cxb3 Rxd1 24. Rxd1 Rd8 25. Rxd8+ Qxd8 26. Be3 Bf8 27. Nd2 Bc8 28. Qc4 Qd6 29. f3 Be6 30. Qc2 h5 31. Nc4 Qc6 32. Qd3 Bc5 33. Kh2 Bxe3 34. Nxe3 Qc1 35.
Qxa6 Bxh3 36. Qe2 Be6 37. Nd5 Qc5 38. Qd3 h4 39. Ne3 Kg8 40. Qd8+ Kf7 41. Qd3 Ke7 42. Nd5+ Bxd5 43. Qxd5 Qxd5 44. exd5 Kd6 45. Kh3 g5 46. Kg4 Kxd5 47. Kf5 Kd6 48. Kxf6 e4 49. fxe4 g4 50. e5+ Kd5 51. e6 h3 52. gxh3 gxh3 53. e7 h2 54.
e8=Q h1=Q 55. Qa8+ c6 56. Qd8+ Kc5 57. Qa5+ Kd6 58.
Qxb4+ Kc7 59. Qe7+ Kb6 60. Qe3+ Kb7 61. Ke5 Qd5+ 62.
Kf4 Qd6+ 63. Kf3 Qf6+ 64. Ke4 Qxb2 65. Qd3 Qg2+ 66. Kd4 Kb6 67. Kc3 c5 68. Qd4 cxd4+ 69. Kxd4 Qf3 0-1